 Dungeon Crawl Stone Soup version 0.22.1-6-g1668fe2 (webtiles) character file.

3728 Fang the Cleaver (level 10, -8/64 HPs)
             Began as a Gargoyle Berserker on Jan 17, 2019.
             Was an Elder of Trog.
             Mangled by a death knight
             ... wielding a +0 morningstar
              (9 damage)
             ... on level 9 of the Dungeon.
             The game lasted 00:12:00 (8674 turns).

Fang the Cleaver (Gargoyle Berserker)               Turns: 8674, Time: 00:12:01

Health: -8/64      AC: 17    Str: 25    XL:     10   Next: 14%
Magic:  10/10      EV: 12    Int:  7    God:    Trog [****..]
Gold:   517        SH:  0    Dex:  9    Spells: 9/9 levels left

rFire    . . .     SeeInvis .   a - +0 hand axe
rCold    . . .     Gourm    .   (no shield)
rNeg     + . .     Faith    .   x - +1 ring mail of Hedging {MR+}
rPois    ∞         Spirit   .   (no helmet)
rElec    +         Reflect  .   A - +1 cloak
rCorr    .         Harm     .   (no gloves)
MR       ++...                  (no boots)
Stlth    +.........             (no amulet)
HPRegen  0.20/turn              h - ring of protection from magic
MPRegen  0.12/turn              (no ring)

@: berserk cooldown, slowed, very slow
A: negative energy resistance 1, electricity resistance, unbreathing,
petrification resistance, rot immunity, AC +7
a: Berserk, Trog's Hand, Brothers in Arms, Renounce Religion


You were on level 9 of the Dungeon.
You worshipped Trog.
Trog was greatly pleased with you.
You were hungry.

You visited 2 branches of the dungeon, and saw 10 of its levels.

You collected 517 gold pieces.

Inventory:

Hand Weapons
 a - a +0 hand axe (weapon)
Armour
 j - a +0 plate armour
 x - the +1 ring mail of Hedging (worn) {MR+}
   (You found it on level 6 of the Dungeon)

   It affects your resistance to hostile enchantments.
 A - a +1 cloak (worn)
Jewellery
 h - a ring of protection from magic (left hand)
 s - an uncursed ring of stealth {unknown}
 w - an uncursed amulet of faith {unknown}
 y - an uncursed amulet of the gourmand {unknown}
Wands
 D - a wand of polymorph (13)
 E - a wand of iceblast (13)
Scrolls
 f - 3 scrolls of fear {unknown}
 i - 3 scrolls of noise {unknown}
 k - 3 scrolls of teleportation {unknown}
 l - a scroll of enchant weapon {unknown}
 o - 6 scrolls of identify {unknown}
 p - 2 scrolls of random uselessness {unknown}
 r - 3 scrolls of enchant armour {unknown}
 t - 3 scrolls of magic mapping {unknown}
 u - 9 scrolls of remove curse {unknown}
 v - a scroll of fog {unknown}
 B - a scroll of immolation {unknown}
Potions
 b - 2 potions of flight {unknown}
 d - 3 potions of lignification {unknown}
 e - a potion of haste {unknown}
 g - a potion of invisibility {unknown}
 m - a potion of berserk rage {unknown}
 n - 3 potions of heal wounds {unknown}
 q - 2 potions of agility {unknown}
 z - a potion of degeneration {unknown}
Comestibles
 c - 18 rations


   Skills:
 + Level 7.7 Fighting
 + Level 9.7 Axes
 + Level 7.0 Armour
 + Level 3.5 Dodging
 + Level 3.0 Stealth


You had 9 spell levels left.
You didn't know any spells.
Your spell library was empty.

Dungeon Overview and Level Annotations

Branches:
Dungeon (9/15)             Temple (1/1) D:6
   Lair: D:8-11         Orc: D:9-12

Altars:
Gozag
Makhleb
Sif Muna
Uskayaw
Yredelemnul
The Shining One

Shops:
D:4 %


Innate Abilities, Weirdness & Mutations

You are resistant to torment.
Your stone body is resilient. (AC +7)
You are immune to poison.
You resist negative energy. (rN+)
You are resistant to electric shocks. (rElec)
You can survive without breathing.
You are immune to petrification.
You are immune to rotting.


Message History

You barely miss the death knight.
The death knight is severely wounded.
You closely miss the death knight.
The death knight is severely wounded.
The death knight hits you but does no damage.
You hit the death knight.
The death knight is severely wounded.
You slash the death knight!
The death knight is almost dead.
The death knight hits you with a morningstar!!
* * * LOW HITPOINT WARNING * * *
You closely miss the death knight.
The death knight is almost dead.
You are no longer berserk.
You are exhausted.
You feel yourself slow down.
You barely miss the death knight.
The death knight is almost dead.
The death knight hits you with a morningstar!
You die...

..##.....'.......#.....
####.....##............
# #.....##.#####.#### #
#.###.##.##[...#### #
#.###+##.#...###$$# #
#.#......#..##$$$$#
####.#......#.##$$$$#
..............#$..=$#
####.######.#.#.@..#
#.# #.#...p.## #.#
#.#(..### #.# ..##....
... ..#####.# #.# ....
..$ #.. ..## ##. ...


h You could see a death knight.

Vanquished Creatures
  Joseph (D:7)
  2 hippogriffs
  A steam dragon (D:9)
  Duvessa (D:4)
  2 ice beasts (D:8)
  A sky beast (D:5)
  2 phantoms
  An ogre (D:8)
  A crocodile (D:8)
  3 centaurs
  4 bullfrogs
  A gnoll sergeant (D:5)
  Dowan (D:4)
  4 killer bees (D:8)
  5 howler monkeys
  A bullfrog zombie (D:5)
  2 crimson imps
  A hound (D:7)
  A jelly (D:7)
  An orc wizard (D:8)
  2 iguanas
  8 worker ants
  A killer bee zombie (D:6)
  A hound skeleton (D:7)
  9 gnolls
  11 adders
  An ooze (D:3)
  2 adder skeletons
  2 worms
  4 dart slugs
  3 leopard geckos
  12 orcs
  A ball python (D:1)
  11 bats
  5 giant cockroaches
  11 goblins
  11 hobgoblins
  8 jackals
  5 quokkas
  3 frilled lizards
  A jackal skeleton (D:5)
  A jackal zombie (D:7)
  9 kobolds
  A quokka skeleton (D:4)
  7 rats
166 creatures vanquished.

Vanquished Creatures (collateral kills)
  Harold (D:7)
1 creature vanquished.

Grand Total: 167 creatures vanquished

Notes
Turn   | Place    | Note
-------+----------+-------------------------------------------
     0 | D:1      | Fang the Gargoyle Berserker began the quest for the Orb.
     0 | D:1      | Reached XP level 1. HP: 14/14 MP: 1/1
   159 | D:1      | Reached XP level 2. HP: 14/19 MP: 2/2
   215 | D:1      | Reached skill level 3 in Axes
   257 | D:1      | Reached ** piety under Trog
   257 | D:1      | Reached XP level 3. HP: 21/24 MP: 3/3
   793 | D:2      | Found an opulent altar of Gozag.
   887 | D:2      | Reached XP level 4. HP: 29/29 MP: 4/4
  1659 | D:3      | Reached *** piety under Trog
  2013 | D:3      | Reached XP level 5. HP: 32/33 MP: 5/5
  2036 | D:3      | Reached skill level 4 in Axes
  2523 | D:4      | Reached skill level 1 in Stealth
  2525 | D:4      | Found a glowing golden altar of the Shining One.
  2690 | D:4      | Noticed a phantom
  2769 | D:4      | Killed a phantom
  2769 | D:4      | Reached XP level 6. HP: 19/39 MP: 6/6
  2932 | D:4      | Noticed Dowan
  2933 | D:4      | Noticed Duvessa
  2946 | D:4      | Killed Duvessa
  2946 | D:4      | Reached skill level 5 in Axes
  2950 | D:4      | Killed Dowan
  2950 | D:4      | Reached XP level 7. HP: 33/44 MP: 7/7
  2984 | D:4      | Found a burning altar of Makhleb.
  2992 | D:4      | Noticed an Executioner
  2995 | D:4      | Noticed an orange demon
  2995 | D:4      | Noticed a ynoxinul
  3106 | D:4      | Found Ducid's Food Boutique.
  3296 | D:5      | Entered Level 5 of the Dungeon
  3403 | D:5      | Reached skill level 5 in Fighting
  3751 | D:5      | Found a deep blue altar of Sif Muna.
  3836 | D:5      | Reached **** piety under Trog
  3849 | D:5      | Reached skill level 6 in Axes
  3976 | D:5      | Reached XP level 8. HP: 29/50 MP: 8/8
  4358 | D:6      | Found a basalt altar of Yredelemnul.
  4511 | D:6      | Reached skill level 5 in Armour
  5021 | D:6      | Found a staircase to the Ecumenical Temple.
  5126 | Temple   | Entered the Ecumenical Temple
  5218 | D:6      | Got a smoking ring mail
  5229 | D:6      | Identified the +1 ring mail of Hedging {MR+} (You found it
                  | on level 6 of the Dungeon)
  5302 | D:7      | Noticed Harold
  5328 | D:7      | Killed Harold
  5328 | D:7      | Reached skill level 7 in Axes
  5730 | D:7      | Reached XP level 9. HP: 54/56 MP: 9/9
  5804 | D:7      | Reached skill level 8 in Axes
  6200 | D:7      | Noticed Joseph
  6221 | D:7      | Killed Joseph
  6945 | D:7      | Found a hide-covered altar of Uskayaw.
  7589 | D:8      | Reached skill level 9 in Axes
  7969 | D:8      | Reached XP level 10. HP: 29/63 MP: 10/10
  8652 | D:9      | Noticed a death knight
  8672 | D:9      | HP: 1/96 [death knight/morningstar (26)]
  8674 | D:9      | Mangled by a death knight

Skill      XL: |  1  2  3  4  5  6  7  8  9 10 |
---------------+-------------------------------+-----
Axes           | 3 4 5 6 7 9 |  9.7
Fighting       | 4 5 6 7 |  7.7
Dodging        | 2 3 |  3.5
Armour         | 3 4 5 6 7 |  7.0
Stealth        | 1 3 |  3.0

Action                   |  1- 3 |  4- 6 |  7- 9 | 10-12 || total
-------------------------+-------+-------+-------+-------++-------
Melee: Hand axe          |   112 |   236 |   415 |    96 ||   859
Invok: Berserk           |       |     1 |     5 |     2 ||     8
       Brothers in Arms  |       |       |     1 |       ||     1
 Stab: Sleeping          |     1 |       |     1 |       ||     2
  Eat: Chunk             |       |     7 |    22 |     4 ||    33
Armor: Animal skin       |    16 |       |       |       ||    16
       Plate armour      |    37 |   202 |   149 |       ||   388
       Ring mail         |       |       |   115 |    63 ||   178
Dodge: Dodged            |    60 |    78 |   202 |    50 ||   390
